 Dungeon Crawl Stone Soup version 0.20.1-1-g8b1a95d (webtiles) character file.

275 homeworkjunkie the Chopper (level 6, -2/53 HPs)
             Began as a Hill Orc Fighter on Nov 22, 2017.
             Slain by Ijyb
             ... wielding a +0 dagger
              (4 damage)
             ... on level 3 of the Dungeon.
             The game lasted 00:02:37 (573 turns).

homeworkjunkie the Chopper (Hill Orc Fighter)        Turns: 573, Time: 00:02:37

Health: -2/53      AC:  1    Str: 20    XL:     6   Next: 25%
Magic:  15/15      EV:  5    Int:  8    God:
Gold:   78         SH:  9    Dex: 11    Spells: 5/5 levels left

rFire    . . .     SeeInvis .   a - +0 war axe
rCold    . . .     Gourm    .   c - +0 shield
rNeg     . . .     Faith    .   h - +0 chain mail
rPois    .         Spirit   .   (no helmet)
rElec    .         Reflect  .   (no cloak)
rCorr    .         Harm     .   (no gloves)
MR       .....                  (no boots)
Stlth    ..........             (no amulet)
Regen    0.2/turn               e - ring of magical power
MPRegen  0.2/turn               (no ring)

@: corroded
A: no striking features
a: no special abilities


You were on level 3 of the Dungeon.
You were full.

You visited 1 branch of the dungeon, and saw 4 of its levels.

You collected 78 gold pieces.

Inventory:

Hand Weapons
 a - a +0 war axe (weapon)
Armour
 c - a +0 shield (worn)
 h - a +0 chain mail (worn)
Jewellery
 e - a ring of magical power (left hand)
Scrolls
 b - 2 scrolls of teleportation {unknown}
 g - a scroll of remove curse {unknown}
 i - a scroll of immolation {unknown}
 l - a scroll of identify
Potions
 d - a potion of curing {unknown}
Comestibles
 f - 3 bread rations
 j - a royal jelly
 k - a meat ration


   Skills:
 * Level 4.7 Fighting
 * Level 5.3 Axes
 * Level 4.2 Armour
 + Level 0.1 Dodging
 * Level 4.9 Shields


You had 5 spell levels left.
You didn't know any spells.

Dungeon Overview and Level Annotations

Branches:
Dungeon (4/15)
 Temple: D:4-7

Altars:

Annotations:
D:3 Ijyb


Message History

The goblin shouts!
Ijyb hits you with a dagger. Ijyb hits you but does no damage.
You slash Ijyb!
Ijyb is moderately wounded.
You block Ijyb's attack.
You closely miss Ijyb.
Ijyb is moderately wounded.
Ijyb zaps a wand.
The bolt of acid hits you! The acid corrodes you!
You are splashed with acid!
The acid burns!
* * * LOW HITPOINT WARNING * * *
Your chain mail prevents you from hitting Ijyb.
Ijyb is moderately wounded.
Ijyb hits you with a dagger.
* * * LOW HITPOINT WARNING * * *
You block Ijyb's attack.
Your shield and chain mail prevent you from hitting Ijyb.
Ijyb is moderately wounded.
You closely miss the goblin. The goblin hits you but does no damage.
Ijyb hits you with a dagger.
You die...

!## .. #.. . .
## ##.# .#. ..
..# ... .
#.##.####.##.#
#...........<#
#..#?..g...###
##..#..@g......
...#..###..###
#.#..####.#
#....†....#
#....####.#
#....# ##.#.#
#.#.# #.#.#


You could see Ijyb and a goblin.

Vanquished Creatures
  Sigmund (D:2)
  A howler monkey (D:4)
  Jessica (D:2)
  Terence (D:2)
  A worm (D:2)
  A dart slug (D:2)
  A leopard gecko (D:4)
  3 bats
  A giant cockroach (D:3)
  3 goblins
  3 hobgoblins
  4 jackals (D:1)
  6 kobolds
  A quokka (D:2)
  2 rats (D:2)
30 creatures vanquished.

Notes
Turn   | Place    | Note
-------+----------+-------------------------------------------
     0 | D:1      | homeworkjunkie the Hill Orc Fighter began the quest for the Orb.
     0 | D:1      | Reached XP level 1. HP: 19/19 MP: 1/1
    65 | D:1      | Reached XP level 2. HP: 27/27 MP: 2/2
   112 | D:2      | Noticed Sigmund
   117 | D:2      | Killed Sigmund
   117 | D:2      | Reached skill level 4 in Axes
   117 | D:2      | Reached XP level 3. HP: 26/34 MP: 3/3
   117 | D:2      | Reached XP level 4. HP: 32/41 MP: 4/4
   117 | D:2      | Reached XP level 5. HP: 37/47 MP: 5/5
   195 | D:2      | Noticed Terence
   198 | D:2      | Noticed Jessica
   205 | D:2      | Killed Terence
   210 | D:2      | Killed Jessica
   276 | D:2      | Reached XP level 6. HP: 38/53 MP: 6/6
   526 | D:4      | Reached skill level 5 in Axes
   566 | D:3      | Noticed Ijyb
   572 | D:3      | HP: 2/53 [Ijyb/dagger (1)]
   573 | D:3      | Slain by Ijyb

Skill      XL: |  1  2  3  4  5  6 |
---------------+-------------------+-----
Fighting       | 4 |  4.7
Axes           | 4 5 |  5.3
Armour         | 4 |  4.2
Shields        | 4 |  4.9
Dodging        | |  0.1

Action                   |  1- 3 |  4- 6 || total
-------------------------+-------+-------++-------
Melee: War axe           |    28 |    65 ||    93
  Use: Potion            |     1 |       ||     1
       Scroll            |       |     1 ||     1
  Eat: Fruit             |       |     4 ||     4
Armor: Scale mail        |     8 |     3 ||    11
       Chain mail        |       |    24 ||    24
Dodge: Dodged            |    14 |    15 ||    29
Block: Shield            |    20 |    37 ||    57
